 Dungeon Crawl Stone Soup version 0.25-a0-583-g696c2ac64d (webtiles) character file.

Game seed: 13176945426483452629, levelgen mode: deterministic

55 An17 the Shooter (level 3, 21/28 HPs)
             Began as a Centaur Arcane Marksman on Mar 8, 2020.
             Got out of the dungeon alive.
             The game lasted 00:04:42 (1113 turns).

An17 the Shooter (Centaur Arcane Marksman)          Turns: 1113, Time: 00:04:43

Health: 21/28      AC:  4    Str: 13    XL:     3   Next: 67%
Magic:  4/4        EV:  9    Int: 12    God:
Gold:   71         SH:  0    Dex:  9    Spells: 3/4 levels left

rFire    . . .     SeeInvis .   a - +0 shortbow
rCold    . . .     Gourm    .   (shield currently unavailable)
rNeg     . . .     Faith    .   b - +0 leather armour
rPois    .         Spirit   .   (no helmet)
rElec    .         Reflect  .   (no cloak)
rCorr    .         Harm     .   (no gloves)
MR       .....                  (no barding)
Stlth    ..........             (no amulet)
HPRegen  0.09/turn              (no ring)
MPRegen  0.09/turn              (no ring)

@: very quick
A: large, hooves 3, deformed body, speed 2, tough skin 3
a: no special abilities


You escaped.
You were not hungry.

You visited 1 branch of the dungeon, and saw 2 of its levels.

You collected 71 gold pieces.

Inventory:

Hand Weapons
 a - a +0 shortbow (weapon)
 h - a +0 mace
Missiles
 d - 11 arrows (quivered)
Armour
 b - a +0 leather armour (worn)
Scrolls
 e - 2 scrolls of enchant armour
 g - a scroll of teleportation
Potions
 c - 2 potions of flight {unknown}
 i - a potion of might
Comestibles
 f - 4 rations


   Skills:
 + Level 1.2 Fighting
 + Level 4.6 Bows
 + Level 1.4 Dodging
 + Level 1.0 Spellcasting
 + Level 3.2 Hexes


You had 3 spell levels left.
You knew the following spells:

 Your Spells              Type           Power        Failure   Level  Hunger
a - Corona                Hex            #......      11%         1    ##.....

Your spell library contained the following spells:

 Spells                   Type           Power        Failure   Level  Hunger
 Slow                     Hex            #.......     16%         2    ###....
 Inner Flame              Hex/Fire       #.......     52%         3    ####...
 Portal Projectile        Hex/Tloc       #.....       52%         3    ####...
 Cause Fear               Hex            #.........   71%         4    #####..
 Leda's Liquefaction      Hex/Erth       #.........   89%         4    #####..


Dungeon Overview and Level Annotations

Branches:
Dungeon (2/15)

Altars:


Innate Abilities, Weirdness & Mutations

You have hooves in place of feet.
Armour fits poorly on your strangely shaped body.
You cover ground very quickly.
You have extremely tough skin. (AC +3)


Message History

Firing (i - inventory)
d - 13 arrows (quivered)
Press: ? - help, Shift-Dir - straight line, f/p - leopard gecko
Aim: a leopard gecko (severely wounded)
You shoot an arrow.
The arrow barely misses the leopard gecko.
The leopard gecko bites you.
Firing (i - inventory)
d - 12 arrows (quivered)
Press: ? - help, Shift-Dir - straight line, f/p - leopard gecko
Aim: a leopard gecko (severely wounded)
You shoot an arrow. The arrow hits the leopard gecko.
You kill the leopard gecko!
No target in view!
No target in view!
There is a stone staircase leading down here.
There is a stone staircase leading up here.
You climb upwards.
There is a stone staircase leading down here.
There is a staircase leading out of the dungeon here.
Are you sure you want to leave the Dungeon?
This will make you lose the game!
You have escaped!

################
#≈≈≈≈≈≈≈≈≈≈≈≈≈≈≈≈
#≈≈≈≈≈≈≈≈≈≈≈≈≈≈≈≈
#≈..≈≈.≈≈≈≈≈≈≈≈≈≈
#≈.≈≈≈≈≈≈≈≈≈≈≈≈≈≈
#.....≈..≈.≈≈≈≈≈≈
##......≈.≈≈≈≈≈≈≈
#.......≈≈.≈≈≈≈≈#
##.......@≈..≈≈≈≈#
#..........≈.≈≈≈≈#
#...........≈≈.≈≈#
##...........≈≈≈≈≈#
#.............≈≈≈≈#
###...............≈≈#
#...............≈≈≈≈#
#...............≈≈≈≈#
#####...........###.≈≈≈≈#


There were no monsters in sight!

Vanquished Creatures
  2 adders (D:2)
  2 worms (D:2)
  2 leopard geckos
  2 bats (D:1)
  2 giant cockroaches
  2 goblins (D:1)
  5 hobgoblins
  4 kobolds
  A ball python (D:1)
  3 frilled lizards
  3 rats
28 creatures vanquished.

Notes
Turn   | Place    | Note
-------+----------+-------------------------------------------
     0 | D:1      | An17 the Centaur Arcane Marksman began the quest for the
                  | Orb.
     0 | D:1      | Reached XP level 1. HP: 16/16 MP: 2/2
    56 | D:1      | Reached skill level 3 in Bows
   199 | D:1      | Reached XP level 2. HP: 18/23 MP: 3/3
   354 | D:1      | Reached skill level 4 in Bows
   522 | D:2      | Reached XP level 3. HP: 15/28 MP: 4/4
   552 | D:2      | HP: 1/28 [adder (2)]
  1113 | D:$      | Got out of the dungeon alive.

Levels and vault maps discovered:
D:1:      nicolae_arrival_washed_ashore, layout_rooms
D:2:      layout_rooms, kennysheep_slug_shrine, first_ration,
          grunt_ministairs_15

Skill      XL: |  1  2 |
---------------+-------+-----
Bows           | 3 4 |  4.6
Hexes          | 3 |  3.2
Fighting       | |  1.2
Dodging        | |  1.4
Spellcasting   | |  1.0

Action                   || total
-------------------------++-------
Melee: Mace              ||     3
       Kick              ||     1
 Fire: Shortbow          ||    98
  Use: Scroll            ||     2
       Potion            ||     1
Armor: Leather armour    ||    13
Dodge: Dodged            ||    25

Table legend:
 A = Non-vault XP
 B = Vault XP
 C = Vault XP percentage of total XP
 D = Non-vault monster count
 E = Vault monster count
 F = Vault count percentage of total count
                 A         B        C        D         E       F
            +---------+---------+-------+---------+---------+-------
      Total |      61 |      18 |  22.8 |      26 |       2 |   7.1
            +---------+---------+-------+---------+---------+-------
        D:1 |      30 |       0 |   0.0 |      16 |       0 |   0.0
        D:2 |      31 |      18 |  36.7 |      10 |       2 |  16.7
            +---------+---------+-------+---------+---------+-------
